| TOP OF THE 1ST |
|
Rice University Owls batting - Pitching for Fresno State University Bulldogs : LHP Omar Nogueira
|
|
Pitching: LHP Omar Nogueira
|
|
|
Batting: SHB Yu-hsui Lew
|
0-0: Called Strike 0-1: Fly out, F8 (Flyball, 8RM, EV 75.0 MPH)
|
|
Batting: LHB Eddie Lemus
|
0-0: Foul Ball, location: 2F 0-1: Ball 1-1: Called Strike 1-2: Strikes out swinging
|
|
Batting: RHB Adrian Quilantan
|
0-0: Ball 1-0: Called Strike 1-1: Ball 2-1: Ground out U3 (Groundball, 34, EV 79.4 MPH)
|
| Top of the 1st over - 0 runs, 0 hits, 0 errors, 0 left on base; Rice University 0 - Fresno State University 0 |
| BOTTOM OF THE 1ST |
|
Fresno State University Bulldogs batting - Pitching for Rice University Owls : LHP Melvin Ontiveros
|
|
Pitching: LHP Melvin Ontiveros
|
|
|
Batting: RHB Jaquan Brown
|
0-0: Foul Ball, location: 2F 0-1: Foul Ball, location: 2F 0-2: Ball 1-2: SINGLE (Line Drive, 8RS, EV 108.8 MPH)
|
|
Batting: RHB Dou-wan Pan
|
0-0: Ball 1-0: Grounds into double play, 5-4-3 (Groundball, 5, EV 99.4 MPH)
|
|
Batting: LHB Ricardo Sandoval
|
0-0: Ball 1-0: Ball 2-0: Called Strike 2-1: Called Strike 2-2: Ground out U3 (Groundball, 3, EV 87.5 MPH)
|
| Bottom of the 1st over - 0 runs, 1 hit, 0 errors, 0 left on base; Rice University 0 - Fresno State University 0 |
| TOP OF THE 2ND |
|
Rice University Owls batting - Pitching for Fresno State University Bulldogs : LHP Omar Nogueira
|
|
Batting: LHB David Goad
|
0-0: Ball 1-0: Ball 2-0: Called Strike 2-1: Ball 3-1: Fly out, F8 (Flyball, 8RD, EV 78.1 MPH)
|
|
Batting: LHB David Coatney
|
0-0: Ball 1-0: Called Strike 1-1: Fly out, F7 (Flyball, 7, EV 91.2 MPH)
|
|
Batting: LHB Randy Marquez
|
0-0: Called Strike 0-1: Ball 1-1: Foul Ball, location: 2F 1-2: Strikes out looking
|
| Top of the 2nd over - 0 runs, 0 hits, 0 errors, 0 left on base; Rice University 0 - Fresno State University 0 |
| BOTTOM OF THE 2ND |
|
Fresno State University Bulldogs batting - Pitching for Rice University Owls : LHP Melvin Ontiveros
|
|
Batting: RHB Adam Angeles
|
0-0: Called Strike 0-1: DOUBLE (Line Drive, 7LM, EV 102.5 MPH)
|
|
Batting: LHB Kevin Feldman
|
0-0: Called Strike 0-1: Ball 1-1: Ball 2-1: Ball 3-1: Base on Balls
|
|
Batting: RHB Homer Petropoulos
|
0-0: Ball 1-0: Fly out, F7 (Flyball, 78S, EV 86.2 MPH)
|
|
Batting: LHB Chris Viehman
|
0-0: Ball 1-0: Swinging Strike 1-1: Foul Ball, location: 2F 1-2: Foul Ball, location: 2F 1-2: Fly out, F7 (Flyball, 7S, EV 82.5 MPH)
|
|
Batting: SHB Mike Fermin
|
0-0: Foul Ball, location: 2F 0-1: Ball 1-1: Foul Ball, location: 2F 1-2: Ball 2-2: Foul Ball, location: 2F 2-2: Ball 3-2: Fly out, F7 (Line Drive, 78M, EV 88.1 MPH)
|
| Bottom of the 2nd over - 0 runs, 1 hit, 0 errors, 2 left on base; Rice University 0 - Fresno State University 0 |
| TOP OF THE 3RD |
|
Rice University Owls batting - Pitching for Fresno State University Bulldogs : LHP Omar Nogueira
|
|
Batting: RHB Chris DeLuise
|
0-0: Called Strike 0-1: Ball 1-1: Foul Ball, location: 2F 1-2: Foul Ball, location: 2F 1-2: Ball 2-2: Strikes out swinging
|
|
Batting: SHB Roderick Speed
|
0-0: Ball 1-0: SINGLE (Flyball, 34D, EV 90.6 MPH)
|
|
Batting: RHB Martin Boyle
|
0-0: Foul Ball, location: 2F 0-1: Fly out, F4 (Popup, 4MD, EV 58.8 MPH)
|
|
Batting: SHB Yu-hsui Lew
|
0-0: Foul Ball, location: 2F 0-1: Ball 1-1: Ball 2-1: Swinging Strike 2-2: Fly out, F7 (Flyball, 7D, EV 91.9 MPH)
|
| Top of the 3rd over - 0 runs, 1 hit, 0 errors, 1 left on base; Rice University 0 - Fresno State University 0 |
| BOTTOM OF THE 3RD |
|
Fresno State University Bulldogs batting - Pitching for Rice University Owls : LHP Melvin Ontiveros
|
|
Batting: RHB Javier Brizuela
|
0-0: Ball 1-0: Ground out 6-3 (Groundball, 6M, EV 103.1 MPH)
|
|
Batting: RHB Jaquan Brown
|
0-0: Ball 1-0: Swinging Strike 1-1: Ball 2-1: Called Strike 2-2: Foul Ball, location: 2F 2-2: Strikes out swinging
|
|
Batting: RHB Dou-wan Pan
|
0-0: Ball 1-0: Called Strike 1-1: Ball 2-1: Foul Ball, location: 2F 2-2: Ball 3-2: Ground out 6-3 (Groundball, 6M, EV 91.9 MPH)
|
| Bottom of the 3rd over - 0 runs, 0 hits, 0 errors, 0 left on base; Rice University 0 - Fresno State University 0 |
| TOP OF THE 4TH |
|
Rice University Owls batting - Pitching for Fresno State University Bulldogs : LHP Omar Nogueira
|
|
Batting: LHB Eddie Lemus
|
0-0: Swinging Strike 0-1: Ball 1-1: Swinging Strike 1-2: Foul Ball, location: 2F 1-2: Ball 2-2: Foul Ball, location: 2F 2-2: Ball 3-2: Base on Balls
|
|
Batting: RHB Adrian Quilantan
|
0-0: Ball 1-0: Swinging Strike 1-1: Called Strike 1-2: Ball 2-2: Fielders Choice at 2nd, 6-4 (Groundball, 6, EV 88.1 MPH)
|
|
Batting: LHB David Goad
|
0-0: Ball 1-0: Ball 2-0: Ball 3-0: Base on Balls Adrian Quilantan to second
|
|
Batting: LHB David Coatney
|
0-0: Ball 1-0: Foul Ball, location: 2F 1-1: Ball 2-1: Foul Ball, location: 2F 2-2: Ball 3-2: Foul Ball, location: 2F 3-2: Base on Balls Adrian Quilantan to third David Goad to second
|
|
Batting: LHB Randy Marquez
|
0-0: Foul Ball, location: 2F 0-1: Fly out, F7 (Flyball, 78S, EV 95.6 MPH)
|
|
Batting: RHB Chris DeLuise
|
0-0: Ball 1-0: Foul Ball, location: 2F 1-1: Fielders Choice at 2nd, 6-4 (Groundball, 6, EV 90.6 MPH)
|
| Top of the 4th over - 0 runs, 0 hits, 0 errors, 3 left on base; Rice University 0 - Fresno State University 0 |
| BOTTOM OF THE 4TH |
|
Fresno State University Bulldogs batting - Pitching for Rice University Owls : LHP Melvin Ontiveros
|
|
Batting: LHB Ricardo Sandoval
|
0-0: Fly out, F8 (Flyball, 8LD, EV 99.4 MPH)
|
|
Batting: RHB Adam Angeles
|
0-0: Called Strike 0-1: Ball 1-1: Ball 2-1: Swinging Strike 2-2: Ground out 6-3 (Groundball, 6, EV 85.6 MPH)
|
|
Batting: LHB Kevin Feldman
|
0-0: Ball 1-0: Ball 2-0: Ball 3-0: Base on Balls
|
|
Batting: RHB Homer Petropoulos
|
0-0: Ball 1-0: Foul Ball, location: 2F 1-1: Swinging Strike 1-2: Foul Ball, location: 2F 1-2: Fielders Choice at 2nd, 6-4 (Groundball, 6, EV 101.2 MPH)
|
| Bottom of the 4th over - 0 runs, 0 hits, 0 errors, 1 left on base; Rice University 0 - Fresno State University 0 |
| TOP OF THE 5TH |
|
Rice University Owls batting - Pitching for Fresno State University Bulldogs : LHP Omar Nogueira
|
|
Batting: SHB Roderick Speed
|
0-0: Ball 1-0: Ball 2-0: Ball 3-0: Ground out 6-3 (Groundball, P, EV 87.5 MPH)
|
|
Batting: RHB Martin Boyle
|
0-0: Ball 1-0: Swinging Strike 1-1: Called Strike 1-2: Ball 2-2: Foul Ball, location: 2F 2-2: Fly out, F8 (Line Drive, 89M, EV 108.1 MPH)
|
|
Batting: SHB Yu-hsui Lew
|
0-0: Ball 1-0: Ball 2-0: Fly out, F8 (Flyball, 8LD, EV 81.9 MPH)
|
| Top of the 5th over - 0 runs, 0 hits, 0 errors, 0 left on base; Rice University 0 - Fresno State University 0 |
| BOTTOM OF THE 5TH |
|
Fresno State University Bulldogs batting - Pitching for Rice University Owls : LHP Melvin Ontiveros
|
|
Batting: LHB Chris Viehman
|
0-0: Ball 1-0: Foul Ball, location: 2F 1-1: Called Strike 1-2: Strikes out swinging
|
|
Batting: SHB Mike Fermin
|
0-0: Ball 1-0: Swinging Strike 1-1: Ball 2-1: Foul Ball, location: 2F 2-2: Strikes out looking
|
|
Batting: RHB Javier Brizuela
|
0-0: Called Strike 0-1: Foul Ball, location: 2F 0-2: Strikes out swinging
|
| Bottom of the 5th over - 0 runs, 0 hits, 0 errors, 0 left on base; Rice University 0 - Fresno State University 0 |
| TOP OF THE 6TH |
|
Rice University Owls batting - Pitching for Fresno State University Bulldogs : LHP Omar Nogueira
|
|
Pitching: LHP Craig Courcha
|
|
|
Batting: LHB Eddie Lemus
|
0-0: Ground out U3 (Groundball, 3L, EV 83.1 MPH)
|
|
Batting: RHB Adrian Quilantan
|
0-0: Called Strike 0-1: Swinging Strike 0-2: Foul Ball, location: 2F 0-2: Ball 1-2: Ball 2-2: Strikes out looking
|
|
Batting: LHB David Goad
|
0-0: Ball 1-0: Ground out U3 (Groundball, 3, EV 92.5 MPH)
|
| Top of the 6th over - 0 runs, 0 hits, 0 errors, 0 left on base; Rice University 0 - Fresno State University 0 |
| BOTTOM OF THE 6TH |
|
Fresno State University Bulldogs batting - Pitching for Rice University Owls : LHP Melvin Ontiveros
|
|
Batting: RHB Jaquan Brown
|
0-0: Swinging Strike 0-1: Foul Ball, location: 2F 0-2: Ball 1-2: Ball 2-2: Ball 3-2: SINGLE (Line Drive, 8LS, EV 95.6 MPH)
|
|
Batting: RHB Dou-wan Pan
|
0-0: Called Strike 0-1: Ball 1-1: Ball 2-1: Foul Ball, location: 2F 2-2: Fly out, F8 (Flyball, 8RD, EV 108.1 MPH)
|
|
Pitching: LHP Killian Wellman
|
|
|
Pinch Hitting: RHB John Carpenter
|
0-0: Called Strike 0-1: Ball 1-1: Foul Ball, location: 2F 1-2: Strikes out swinging
|
|
Batting: RHB Adam Angeles
|
0-0: Ball 1-0: Called Strike 1-1: Called Strike 1-2: Ball 2-2: DOUBLE (Line Drive, 8LD, EV 101.9 MPH) Jaquan Brown to third Runner from 3rd tries for Home, SAFE, throw by CF to home
|
|
Batting: LHB Kevin Feldman
|
0-0: Ball 1-0: SINGLE (Groundball, 13S, EV 72.5 MPH) (infield hit) Adam Angeles to third
|
|
Batting: RHB Homer Petropoulos
|
0-0: Fielders Choice at 2nd, 5-4 (Groundball, 56, EV 77.5 MPH)
|
| Bottom of the 6th over - 1 run, 3 hits, 0 errors, 2 left on base; Rice University 0 - Fresno State University 1 |
| TOP OF THE 7TH |
|
Rice University Owls batting - Pitching for Fresno State University Bulldogs : LHP Craig Courcha
|
|
Now in CF: Andy Villarreal
|
|
|
Pinch Hitting: RHB Fred Saxton
|
0-0: Fly out, F3 (Popup, 34, EV 80.0 MPH)
|
|
Batting: LHB Randy Marquez
|
0-0: Ball 1-0: Foul Ball, location: 2F 1-1: Ball 2-1: Fly out, F8 (Flyball, 78M, EV 76.9 MPH)
|
|
Batting: RHB Chris DeLuise
|
0-0: Called Strike 0-1: Ball 1-1: Ball 2-1: Foul Ball, location: 2F 2-2: Fly out, F9 (Flyball, 9LM, EV 84.4 MPH)
|
| Top of the 7th over - 0 runs, 0 hits, 0 errors, 0 left on base; Rice University 0 - Fresno State University 1 |
| BOTTOM OF THE 7TH |
|
Fresno State University Bulldogs batting - Pitching for Rice University Owls : LHP Killian Wellman
|
|
Pitching: RHP Takeru Inoue
|
|
|
Now at 2B: Fred Saxton
|
|
|
Now in LF: Chris DeLuise
|
|
|
Batting: LHB Chris Viehman
|
0-0: Foul Ball, location: 2F 0-1: SINGLE (Groundball, 6M, EV 91.2 MPH) (infield hit)
|
|
Batting: SHB Mike Fermin
|
0-0: Called Strike 0-1: Foul Ball, location: 2F 0-2: Ball 1-2: Strikes out swinging
|
|
Batting: RHB Javier Brizuela
|
0-0: Ball Chris Viehman steals 2nd base 1-0: Ball 2-0: Called Strike 2-1: Ball Passed Ball! Chris Viehman to third 3-1: Base on Balls
|
|
Batting: RHB Jaquan Brown
|
0-0: Ball 1-0: Ball 2-0: Called Strike 2-1: SINGLE (Groundball, 34S, EV 76.9 MPH) (infield hit) Chris Viehman scores Javier Brizuela to second
|
|
Batting: RHB Dou-wan Pan
|
0-0: Swinging Strike 0-1: Fly out, F9 (Flyball, 9LSF, EV 83.1 MPH)
|
|
Batting: RHB Andy Villarreal
|
0-0: Swinging Strike 0-1: Fly out, F3 (Popup, 3L, EV 63.1 MPH)
|
| Bottom of the 7th over - 1 run, 2 hits, 0 errors, 2 left on base; Rice University 0 - Fresno State University 2 |
| TOP OF THE 8TH |
|
Rice University Owls batting - Pitching for Fresno State University Bulldogs : LHP Craig Courcha
|
|
Batting: SHB Roderick Speed
|
0-0: Foul Ball, location: 2F 0-1: Ball 1-1: Ball 2-1: SOLO HOME RUN (Line Drive, 9D, EV 97.5 MPH), Distance : 371 ft
|
|
Batting: RHB Martin Boyle
|
0-0: Swinging Strike 0-1: Foul Ball, location: 2F 0-2: Ball 1-2: Strikes out swinging
|
|
Batting: SHB Yu-hsui Lew
|
0-0: Ground out 6-3 (Groundball, 56, EV 81.2 MPH)
|
|
Batting: LHB Eddie Lemus
|
0-0: Swinging Strike 0-1: Ball 1-1: Called Strike 1-2: Ball 2-2: Strikes out swinging
|
| Top of the 8th over - 1 run, 1 hit, 0 errors, 0 left on base; Rice University 1 - Fresno State University 2 |
| BOTTOM OF THE 8TH |
|
Fresno State University Bulldogs batting - Pitching for Rice University Owls : RHP Takeru Inoue
|
|
Pitching: LHP Tony Duque
|
|
|
Batting: RHB Adam Angeles
|
0-0: Ball 1-0: Called Strike 1-1: Fly out, F8 (Line Drive, 8LS, EV 96.2 MPH)
|
|
Batting: LHB Kevin Feldman
|
0-0: Ball 1-0: Ball 2-0: Called Strike 2-1: Ball 3-1: Foul Ball, location: 2F 3-2: Strikes out swinging
|
|
Batting: RHB Homer Petropoulos
|
0-0: Ball 1-0: Fly out, F9 (Line Drive, 9, EV 96.2 MPH)
|
| Bottom of the 8th over - 0 runs, 0 hits, 0 errors, 0 left on base; Rice University 1 - Fresno State University 2 |
| TOP OF THE 9TH |
|
Rice University Owls batting - Pitching for Fresno State University Bulldogs : LHP Craig Courcha
|
|
Pitching: RHP Francisco Santos
|
|
|
Pinch Hitting: LHB Willie Marquez
|
0-0: Fly out, F7 (Line Drive, 78D, EV 86.9 MPH)
|
|
Batting: LHB David Goad
|
0-0: Called Strike 0-1: Reached on error, E4 (Groundball, 34, EV 76.9 MPH)
|
|
Batting: RHB Fred Saxton
|
0-0: Grounds into double play, 3-6-1 (Groundball, 3, EV 90.6 MPH)
|
| Top of the 9th over - 0 runs, 0 hits, 1 error, 0 left on base; Rice University 1 - Fresno State University 2 |
|